 Dungeon Crawl Stone Soup version 0.16-a0-4005-g3d13fd6 (webtiles) character file.

212722 plathrop the Black Belt (level 18, -18/104 HPs)
             Began as a Vine Stalker Monk on Feb 15, 2015.
             Was the Champion of Trog.
             Blown up by an orb spider (40 damage)
             ... with an orb of destruction
             ... on level 5 of the Spider Nest on Feb 16, 2015.
             The game lasted 04:10:59 (40006 turns).

plathrop the Black Belt (Vine Stalker Monk)        Turns: 40006, Time: 04:10:59

Health: -18/104    AC: 30    Str: 16    XL:     18   Next: 93%
Magic:  0/32       EV: 18    Int: 16    God:    Trog [******]
Gold:   2405       SH:  0    Dex: 29    Spells: 0 memorised, 17 levels left

rFire  + + .     SeeInvis .     a - +11 hunting sling of Deflation {freeze, rF+ MR- Int+4 Dex+3}
rCold  + . .     Clarity  .     Y - +4 plate armour {rPois}
rNeg   + . .     SustAb   .     (no shield)
rPois  +         Gourm    .     D - +0 helmet
rElec  .         Spirit   +     C - +2 cloak {+Inv}
rCorr  .         Warding  .     Q - +2 pair of gloves
rMut   .         Stasis   .     G - +1 pair of boots
MR     +....                    L - amulet "Foizoy" {rF+ rC+ rN+ Regen+}
Stlth  ..........               o - +3 ring of dexterity
                                h - +4 ring of evasion

@: exhausted, somewhat resistant to hostile enchantments, extremely unstealthy
A: fangs 3, clever 1, regeneration 3, magic shield, antimagic bite, no device
heal 3, rot immunity
a: Burn Spellbooks, Berserk, Trog's Hand, Brothers in Arms, Renounce Religion,
Evoke Invisibility
}: 1/15 runes: decaying


You were on level 5 of the Spider Nest.
You worshipped Trog.
Trog was exalted by your worship.
You were not hungry.

You visited 6 branches of the dungeon, and saw 38 of its levels.
You also visited: Ossuary, Bailey and Ice Cave.

You collected 4061 gold pieces.
You spent 1656 gold pieces at shops.

Inventory:

Hand weapons
 a - the +11 hunting sling of Deflation (weapon) {freeze, rF+ MR- Int+4 Dex+3}
   (Trog gifted it to you on level 4 of the Orcish Mines)

   It causes projectiles fired from it to freeze those they strike, causing
   extra injury to most foes and up to half again as much damage against
   particularly susceptible opponents.
   They can also slow down cold-blooded creatures.
   It affects your intelligence (+4).
   It affects your dexterity (+3).
   It protects you from fire.
   It affects your resistance to hostile enchantments.
Missiles
 q - 69 sling bullets (quivered)
 R - 11 sling bullets of frost
Armour
 k - a swamp dragon hide
 C - a +2 cloak of invisibility (worn)
 D - a +0 helmet (worn)
 G - a +1 pair of boots (worn)
 Q - a +2 pair of gloves (worn)
 Y - a +4 plate armour of poison resistance (worn)
Jewellery
 h - a +4 ring of evasion (left hand)
 j - an uncursed ring of protection from fire
 m - an uncursed ring of see invisible
 o - a +3 ring of dexterity (right hand)
 s - an uncursed ring of positive energy
 F - an uncursed ring of flight
 L - the amulet "Foizoy" (around neck) {rF+ rC+ rN+ Regen+}
   (You found it on level 7 of the Lair of Beasts)

   [amulet of regeneration]

   It protects you from fire.
   It protects you from cold.
   It protects you from negative energy.
   It increases your rate of regeneration.
 N - an uncursed ring of protection from cold
 V - an uncursed ring of invisibility
Magical devices
 v - a wand of cold (0)
 z - a wand of teleportation (9)
 M - a wand of invisibility (7)
 S - a wand of disintegration (8)
 W - a wand of digging (19)
 X - a wand of teleportation (6)
 Z - a wand of teleportation (2)
Scrolls
 e - 6 scrolls of teleportation
 l - 3 scrolls of recharging
 u - a scroll of brand weapon
 w - 5 scrolls of remove curse
 x - 9 scrolls of fog
 y - a scroll of holy word
 I - 3 scrolls of magic mapping
 K - 2 scrolls of identify
 U - a scroll of silence
Potions
 c - 3 potions of ambrosia {unknown}
 i - a potion of magic
 p - 2 potions of cancellation
 r - 3 potions of resistance
 A - 11 potions of curing
 E - 7 potions of restore abilities
 H - a potion of flight
Miscellaneous
 g - a disc of storms
 n - a fan of gales
 O - a phantom mirror
 P - a phial of floods
 T - a box of beasts
Comestibles
 b - 13 bread rations
 B - 20 fruits


   Skills:
 - Level 15.0 Fighting
 - Level 11.0 Armour
 * Level 11.3 Dodging
 - Level 2.4 Stealth
 + Level 20.0 Unarmed Combat
 - Level 0.2 Spellcasting
 - Level 10.3 Evocations


You had 17 spell levels left.
You didn't know any spells.

Dungeon Overview and Level Annotations

Branches:
Dungeon (15/15)            Temple (1/1) D:7            Lair (8/8) D:10
  Swamp (5/5) Lair:4       Spider (5/5) Lair:5        Slime (0/6) Lair:7
    Orc (4/4) D:11            Elf (0/3) Orc:3        Vaults (0/5) D:14
 Depths (0/5) D:15

Altars:
Ashenzari
Cheibriados
Dithmenos
Elyvilon
Fedhas
Gozag
Kikubaaqudgha
Makhleb
Nemelex Xobeh
Okawaru
Qazlal
Ru
Sif Muna
Trog
Vehumet
Xom
Yredelemnul
Zin
The Shining One
Beogh
Jiyva

Shops:
D:11 }   D:12 *   Orc:1 *   Orc:2 *   Orc:4 :(:}

Portals:
Trove: D:13 (show abyssal rune of Zot)

Annotations:
Lair:5 exclusion: 4 oklob plants


Innate Abilities, Weirdness & Mutations

You have razor-sharp teeth.
You regenerate.
When hurt, damage is shared between your health and your magic reserves.
Your bite disrupts and absorbs the magic of your enemies.
Potions and wands cannot restore your health.
You are immune to rotting.
Your mind is acute. (Int +2)


Message History

This wand has no charges.
Evoke which item? (* to show all) (? for menu, Esc to quit)
Zapping:
S - a wand of disintegration {zapped: 3} (will waste charges)
Press: ? - help, Shift-Dir - straight line, f/p - orb spider
Aim: an orb spider (almost dead, clinging, chance 75%)
The orb spider is blasted.
You blow up the orb spider!
Trog accepts your kill.
Evoking this partially-identified wand wasted a few charges.
Your skill with magical items lets you calculate the power of this device...
This wand has 8 charges left.
Your demonic crawler hits the orb spider! x2
The orb spider dies!
Trog accepts your kill.
Your tarantella bites the demonic crawler.
The demonic crawler appears confused.
Your demonic crawler hits the demonic crawler but does no damage.
Your demonic crawler hits the demonic crawler. x2
The orb of destruction hits you!
You die...

#..#.........
#####^...#...
##..†.....
#..s......
###ss#s......
####...§.s.%.(.#
.#^^....§.....#..
.....^...§......^^#
#....@...#
#........#
#..........##
#.).........#
##..#.......#
.^.^..^...#.#
.#.......##^
....#..# # ...^!


You could see a demonic crawler (confused), a friendly demonic crawler, a
friendly wolf spider and a friendly tarantella.

Vanquished Creatures
  Arachne (Spider:3)
  A thorn hunter (Swamp:5)
  Rupert (Swamp:5)
  Kirke (Swamp:5)
  Maud (Lair:6)
  Aizul (Swamp:5)
  2 emperor scorpions
  An orc warlord (Orc:4)
  Gastronok (Orc:2)
  Jorgrun (Spider:3)
  4 very ugly things
  3 rakshasas (D:8)
  Azrael (Spider:3)
  8 vault guards (D:14)
  Fannar (D:12)
  Harold (Orc:2)
  The ghost of Phlounder the Earth Mage, a powerful GrEE of Sif Muna (Orc:4)
  2 ghost crabs
  Erica (Lair:1)
  5 centaur warriors
  28 hydras
  9 death yaks (Lair:8)
  7 alligators
  6 orc high priests (Orc:4)
  An ogre mage (D:15)
  3 catoblepae (Lair:8)
  Urug (Orc:2)
  A sun demon (Orc:4)
  A soul eater (Orc:4)
  4 unseen horrors
  A giant orange brain (D:15)
  2 spriggan druids (Swamp:5)
  6 swamp dragons (Swamp:5)
  4 lindwurms (Lair:8)
  The ghost of Jark the Fighter, an experienced GrFi of Okawaru (D:7)
  3 ice statues (IceCv)
  10 orb spiders
  6 hill giants
  3 orc knights
  Pikel (D:9)
  3 shambling mangroves
  A wolf spider zombie (D:15)
  3 griffons
  10 orc sorcerers
  A cyclops (D:15)
  3 hornets
  24 wolf spiders
  A moth of wrath (Spider:4)
  14 ugly things
  7 elephants
  7 black mambas
  4 torpor snails
  2 gargoyles
  11 spiny frogs
  Psyche (Orc:2)
  A centaur skeleton (D:15)
  A fire drake (shapeshifter) (D:15)
  4 kobold demonologists
  11 komodo dragons
  A blue devil (Orc:4)
  8 demonic crawlers
  8 fire drakes
  A freezing wraith (D:14)
  Sonja (Orc:2)
  11 trolls
  4 two-headed ogres
  2 giant leeches
  10 bog bodies
  5 baby alligators
  20 jumping spiders
  31 slime creatures
  33 blink frogs
  A hornet zombie (D:15)
  3 basilisks
  3 ravens (Swamp:1)
  19 redbacks
  14 trapdoor spiders
  2 spriggans (shapeshifter) (D:15)
  A vampire (D:13)
  85 yaks
  6 spriggans
  4 shadows
  4 hogs (Swamp:5)
  A human (D:2)
  15 tarantellas
  Eustachio (Orc:1)
  A tarantella (shapeshifter) (D:15)
  4 wraiths
  A chaos spawn (Orc:4)
  3 fire elementals (Spider:3)
  4 deep elf magi
  4 hippogriffs
  4 hungry ghosts
  13 vampire mosquitoes
  19 water moccasins
  4 wolves (Lair:4)
  A soldier ant (D:11)
  15 insubstantial wisps
  Menkaure (Ossuary)
  3 wargs
  A soldier ant (shapeshifter) (D:15)
  23 swamp worms
  A mottled dragon (shapeshifter) (D:15)
  3 hell hounds (Spider:3)
  47 orc warriors
  23 spiders
  9 porcupines
  A black bear (D:9)
  4 sky beasts
  29 ogres
  3 boring beetles
  7 wasps
  26 centaurs
  11 swamp drakes
  A phantom (Swamp:5)
  18 ice beasts
  Sigmund (D:3)
  19 crocodiles
  3 necrophages
  4 big kobolds
  2 wyvern zombies
  26 giant frogs
  A water moccasin zombie (D:6)
  8 scorpions
  20 killer bees
  3 electric eels
  7 crimson imps
  4 centaur zombies
  A goliath beetle (D:8)
  9 hounds
  A gnoll shaman (D:4)
  6 jellies
  Crazy Yiuf (D:5)
  33 orc priests
  A quasit (D:14)
  3 giant frog skeletons
  An iron imp (D:11)
  25 orc wizards
  11 worker ants
  12 iguanas
  34 sheep
  A hound skeleton (D:4)
  5 mummies
  3 worker ant zombies
  34 river rats
  18 gnolls
  26 adders
  3 shadow imps
  A giant mite (D:5)
  A worm (D:2)
  An ufetubus (D:11)
  3 adder zombies
  An adder skeleton (D:9)
  7 giant geckos
  An ooze (D:1)
  298 orcs
  16 bats
  6 giant cockroaches (D:3)
  4 gnoll skeletons (Ossuary)
  3 gnoll zombies (Ossuary)
  26 hobgoblins
  13 jackals
  9 quokkas
  2 ball pythons
  A giant cockroach zombie (D:5)
  5 giant newts
  4 giant spores
  38 goblins
  A goblin skeleton (Ossuary)
  A goblin zombie (Ossuary)
  2 hobgoblin skeletons (Ossuary)
  7 hobgoblin zombies (Ossuary)
  A jackal skeleton (D:5)
  55 kobolds
  3 kobold skeletons (Ossuary)
  3 orc skeletons (Ossuary)
  5 orc zombies
  19 rats
  2 rat skeletons (Ossuary)
  4 rat zombies (Ossuary)
  25 ballistomycetes
  A fungus (Lair:6)
  6 plants
1724 creatures vanquished.

Vanquished Creatures (collateral kills)
  An emperor scorpion (Spider:5)
  A hydra (Swamp:5)
  2 orb spiders (Spider:5)
  2 swamp dragons (Swamp:5)
  A demonic crawler (Spider:3)
  3 jumping spiders (Spider:5)
  2 trapdoor spiders (Spider:5)
  A redback (Spider:5)
  4 spiders (Spider:5)
17 creatures vanquished.

Vanquished Creatures (others)
  A stone giant (Spider:5)
  A spriggan druid (Swamp:4)
  A jumping spider (Spider:2)
  3 humans (Swamp:5)
  A swamp worm (Swamp:5)
  A water moccasin zombie (D:9)
  An orc priest (Orc:4)
  2 orc wizards
  A worker ant zombie (D:9)
  An orc (Orc:4)
  A gnoll zombie (Ossuary)
  A hobgoblin (D:8)
  4 giant spores
  3 gnoll skeletons (Ossuary)
  A goblin (Orc:4)
  A goblin skeleton (Ossuary)
  3 goblin zombies (Ossuary)
  3 hobgoblin skeletons (Ossuary)
  A hobgoblin zombie (Ossuary)
  A kobold skeleton (Ossuary)
  2 kobold zombies (Ossuary)
  An orc skeleton (Ossuary)
  2 orc zombies (Ossuary)
  A rat skeleton (Ossuary)
  5 fungi
  2 plants (Lair:5)
45 creatures vanquished.

Grand Total: 1786 creatures vanquished

Notes
Turn   | Place    | Note
--------------------------------------------------------------
     0 | D:1      | plathrop, the Vine Stalker Monk, began the quest for the Orb.
     0 | D:1      | Reached XP level 1. HP: 11/11 MP: 1/1
   177 | D:1      | Reached XP level 2. HP: 11/16 MP: 3/3
   634 | D:2      | Reached XP level 3. HP: 17/19 MP: 4/4
   666 | D:2      | Reached skill level 5 in Unarmed Combat
  1081 | D:2      | Reached XP level 4. HP: 20/23 MP: 5/5
  1151 | D:2      | Found a runed door.
  1152 | D:2      | Noticed a human
  1156 | D:2      | Found a basalt altar of Yredelemnul.
  1195 | D:2      | Killed a human
  1195 | D:2      | Reached skill level 6 in Unarmed Combat
  1195 | D:2      | Reached XP level 5. HP: 24/29 MP: 7/7
  1600 | D:2      | Gained mutation: You heal very quickly. [vine stalker growth]
  1600 | D:2      | Reached XP level 6. HP: 3/33 MP: 6/8
  2764 | D:3      | Noticed Sigmund
  2780 | D:3      | Killed Sigmund
  2780 | D:3      | Reached skill level 5 in Fighting
  2780 | D:3      | Reached XP level 7. HP: 28/39 MP: 9/9
  3442 | D:4      | Reached skill level 7 in Unarmed Combat
  4214 | D:5      | Entered Level 5 of the Dungeon
  4238 | D:5      | Gained mutation: You have razor-sharp teeth. [vine stalker growth]
  4238 | D:5      | Reached XP level 8. HP: 43/43 MP: 11/11
  4643 | D:5      | Noticed Crazy Yiuf
  4647 | D:5      | Killed Crazy Yiuf
  4647 | D:5      | Reached skill level 8 in Unarmed Combat
  5067 | D:6      | Reached skill level 5 in Dodging
  5144 | D:6      | Found a sand-covered staircase.
  5153 | Ossuary  | Entered an ossuary
  5405 | Ossuary  | Noticed Menkaure
  5411 | Ossuary  | Killed Menkaure
  5885 | D:6      | Reached skill level 9 in Unarmed Combat
  6050 | D:6      | Identified a scroll of acquirement
  6145 | D:7      | Found a snail-covered altar of Cheibriados.
  6172 | D:7      | Reached XP level 9. HP: 30/47 MP: 8/12
  6197 | D:7      | Reached skill level 10 in Unarmed Combat
  6247 | D:7      | Noticed Jark's ghost (experienced GrFi)
  6277 | D:7      | Killed Jark's ghost
  6555 | D:7      | Found a staircase to the Ecumenical Temple.
  6565 | Temple   | Entered the Ecumenical Temple
  6706 | Temple   | Became a worshipper of Trog the Wrathful
  6706 | Temple   | Acquired Trog's first power
  6706 | Temple   | Acquired Trog's second power
  6776 | D:7      | Reached skill level 11 in Unarmed Combat
  7175 | D:8      | Noticed a rakshasa
  7178 | D:8      | Noticed a centaur warrior
  7195 | D:8      | Reached XP level 10. HP: 27/51 MP: 13/13
  7273 | D:8      | Killed a rakshasa
  7278 | D:8      | Killed a rakshasa
  7281 | D:8      | Killed a rakshasa
  7353 | D:8      | Killed a centaur warrior
  7420 | D:8      | Found a shimmering altar of Xom.
  7585 | D:8      | Reached skill level 12 in Unarmed Combat
  8372 | D:9      | Reached skill level 1 in Armour
  8630 | D:9      | Noticed Pikel
  8647 | D:9      | Killed Pikel
  8647 | D:9      | Reached XP level 11. HP: 48/55 MP: 10/15
  8771 | D:9      | Found a shimmering altar of Xom.
  8944 | D:9      | Acquired Trog's third power
  9190 | D:10     | Entered Level 10 of the Dungeon
  9291 | D:10     | Found a staircase to the Lair.
  9544 | D:10     | Reached skill level 13 in Unarmed Combat
 10098 | Lair:1   | Entered Level 1 of the Lair of Beasts
 10414 | Lair:1   | Noticed a seven-headed hydra
 10423 | Lair:1   | Killed a seven-headed hydra
 10423 | Lair:1   | Reached skill level 5 in Armour
 10824 | Lair:1   | Noticed Erica
 10837 | Lair:1   | Killed Erica
 10845 | Lair:1   | Reached skill level 14 in Unarmed Combat
 10845 | Lair:1   | Gained mutation: You regenerate. [vine stalker growth]
 10845 | Lair:1   | Reached XP level 12. HP: 6/60 MP: 1/16
 11616 | Lair:2   | HP: 2/60 [spiny frog[the player character] (10)]
 11621 | Lair:2   | HP: 3/60 [poisoned by a spiny frog]
 12675 | Lair:3   | Noticed a five-headed hydra
 12682 | Lair:3   | Noticed a four-headed hydra
 12686 | Lair:3   | Killed a five-headed hydra
 12692 | Lair:3   | Killed a four-headed hydra
 12896 | Lair:3   | Found a shattered altar of Ashenzari.
 13089 | Lair:3   | Received a gift from Trog
 13368 | Lair:3   | HP: 2/90 [blink frog (4)]
 13412 | Lair:3   | Reached skill level 15 in Unarmed Combat
 13434 | Lair:3   | HP: 4/90 [blink frog (3)]
 13769 | Lair:4   | Found a frozen archway.
 13778 | IceCv    | Entered an ice cave
 13892 | IceCv    | Reached XP level 13. HP: 34/63 MP: 14/17
 14012 | Lair:4   | Found a staircase to the Swamp.
 14021 | Lair:4   | Reached skill level 16 in Unarmed Combat
 14046 | Lair:4   | Reached skill level 1 in Evocations
 15114 | Lair:5   | Found a hole to the Spider Nest.
 15639 | Lair:5   | Reached skill level 5 in Evocations
 15689 | Lair:5   | Received a gift from Trog
 16035 | Lair:5   | Upgraded the game from 0.16-a0-4004-g8d6611c to 0.16-a0-4005-g3d13fd6
 16568 | Lair:6   | Reached XP level 14. HP: 72/75 MP: 24/24
 16570 | Lair:6   | Noticed Maud
 16590 | Lair:6   | Killed Maud
 16723 | Lair:6   | Reached skill level 10 in Fighting
 17191 | Lair:7   | Received a gift from Trog
 17540 | Lair:7   | Got a pitted garnet amulet
 17542 | Lair:7   | Identified the amulet "Foizoy" {rF+ rC+ rN+ Regen+} (You found it on level 7 of the Lair of Beasts)
 17613 | Lair:7   | Found a staircase to the Slime Pits.
 17616 | Lair:7   | Found a viscous altar of Jiyva.
 17777 | Lair:7   | Reached skill level 10 in Dodging
 18123 | Lair:8   | Entered Level 8 of the Lair of Beasts
 18660 | Lair:8   | Received a gift from Trog
 19451 | Lair:8   | Reached XP level 15. HP: 64/80 MP: 28/28
 19907 | D:11     | Received a gift from Trog
 20789 | D:11     | Found a staircase to the Orcish Mines.
 20845 | D:11     | Reached skill level 17 in Unarmed Combat
 20966 | D:11     | Found Hukky's Quality Used Wands.
 21564 | D:12     | Received a gift from Trog
 22231 | D:12     | Noticed Fannar
 22258 | D:12     | Killed Fannar
 22294 | D:12     | Found Zuis' Assorted Antiques.
 22297 | D:12     | Bought a potion of curing for 87 gold pieces
 22297 | D:12     | Bought a potion of curing for 87 gold pieces
 22297 | D:12     | Bought a scroll of magic mapping for 101 gold pieces
 22379 | Orc:1    | Entered Level 1 of the Orcish Mines
 22640 | Orc:1    | Found a roughly hewn altar of Beogh.
 22769 | Orc:1    | Found Taxuop's Assorted Antiques.
 22822 | Orc:1    | Received a gift from Trog
 22843 | Orc:1    | Found a roughly hewn altar of Beogh.
 22924 | Orc:1    | Noticed Eustachio
 22929 | Orc:1    | Killed Eustachio
 22944 | Orc:1    | Bought a scroll of silence for 217 gold pieces
 22944 | Orc:1    | Bought a scroll of identify for 58 gold pieces
 22944 | Orc:1    | Bought a scroll of remove curse for 87 gold pieces
 22944 | Orc:1    | Bought a scroll of enchant weapon for 217 gold pieces
 22944 | Orc:1    | Bought a scroll of identify for 58 gold pieces
 22944 | Orc:1    | Bought a scroll of remove curse for 87 gold pieces
 22944 | Orc:1    | Bought a potion of curing for 87 gold pieces
 23282 | Orc:2    | Noticed Gastronok
 23300 | Orc:2    | Killed Gastronok
 23333 | Orc:2    | Noticed Urug
 23347 | Orc:2    | Killed Urug
 23347 | Orc:2    | Reached skill level 10 in Evocations
 23368 | Orc:2    | Found Uczaz's General Store.
 23424 | Orc:2    | Bought a scroll of blinking for 90 gold pieces
 23424 | Orc:2    | Bought a phial of floods for 480 gold pieces
 23442 | Orc:2    | Found a flagged portal.
 23455 | Bailey   | Entered a bailey
 23487 | Bailey   | Received a gift from Trog
 23878 | Orc:2    | Noticed Psyche
 23885 | Orc:2    | Killed Psyche
 23930 | Orc:2    | Noticed Sonja
 23971 | Orc:2    | Noticed Harold
 23985 | Orc:2    | Killed Harold
 24090 | Orc:2    | Killed Sonja
 24186 | Orc:3    | Found a staircase to the Elven Halls.
 24261 | Orc:3    | Received a gift from Trog
 24697 | Orc:4    | Entered Level 4 of the Orcish Mines
 24791 | Orc:4    | Received a gift from Trog
 24834 | Orc:4    | Noticed Phlounder's ghost (powerful GrEE)
 24856 | Orc:4    | Killed Phlounder's ghost
 25207 | Orc:4    | Received a gift from Trog
 25608 | Orc:4    | Received a gift from Trog
 25800 | Orc:4    | Received a gift from Trog
 25804 | Orc:4    | Got an ichor-stained hunting sling {god gift}
 25805 | Orc:4    | Identified the +11 hunting sling of Deflation {freeze, rF+ MR- Int+4 Dex+3} (Trog gifted it to you on level 4 of the Orcish Mines)
 26146 | Orc:4    | Found a roughly hewn altar of Beogh.
 26215 | Orc:4    | Found Thropt's Gadget Shoppe.
 26401 | Orc:4    | Received a gift from Trog
 26406 | Orc:4    | Found Avuabob's Book Emporium.
 26471 | Orc:4    | Reached XP level 16. HP: 85/87 MP: 30/30
 26719 | Orc:4    | Found a roughly hewn altar of Beogh.
 26750 | Orc:4    | Found Quzauhel's Book Shoppe.
 26794 | Orc:4    | Received a gift from Trog
 26807 | Orc:4    | Found Pniduck's Antique Weapon Emporium.
 27329 | D:10     | Reached skill level 18 in Unarmed Combat
 27435 | D:10     | Found a staircase to the Lair.
 29352 | D:13     | Found a portal to a secret trove of treasure.
 29497 | D:14     | Found a gate to the Vaults.
 29528 | D:14     | Received a gift from Trog
 30717 | D:15     | Entered Level 15 of the Dungeon
 31579 | D:15     | Received a gift from Trog
 31638 | D:15     | Found a staircase to the Depths.
 32093 | Swamp:1  | Entered Level 1 of the Swamp
 32468 | Swamp:1  | Reached XP level 17. HP: 85/96 MP: 31/31
 33443 | Swamp:3  | Received a gift from Trog
 34174 | Swamp:3  | Gained mutation: Your mind is acute. (Int +2) [potion of beneficial mutation]
 34775 | Swamp:4  | Reached skill level 19 in Unarmed Combat
 35005 | Swamp:5  | Entered Level 5 of the Swamp
 35047 | Swamp:5  | Noticed Aizul
 35071 | Swamp:5  | Killed Aizul
 35284 | Swamp:5  | Noticed Rupert
 35308 | Swamp:5  | Killed Rupert
 35308 | Swamp:5  | Reached skill level 15 in Fighting
 35617 | Swamp:5  | Noticed Kirke
 35630 | Swamp:5  | Killed Kirke
 35713 | Swamp:5  | Reached XP level 18. HP: 43/104 MP: 17/32
 35794 | Swamp:5  | Got a decaying rune of Zot
 36082 | Swamp:5  | Reached skill level 10 in Armour
 36548 | Spider:1 | Entered Level 1 of the Spider Nest
 36801 | Spider:1 | Received a gift from Trog
 37959 | Spider:2 | Received a gift from Trog
 38213 | Spider:3 | Noticed Azrael
 38258 | Spider:3 | Killed Azrael
 38378 | Spider:3 | Noticed Jorgrun
 38408 | Spider:3 | Killed Jorgrun
 38572 | Spider:3 | Noticed Arachne
 38585 | Spider:3 | Killed Arachne
 39087 | Spider:4 | Received a gift from Trog
 39393 | Spider:4 | Reached skill level 20 in Unarmed Combat
 39814 | Spider:5 | Entered Level 5 of the Spider Nest
 39990 | Spider:5 | HP: 5/104 [disintegration (19)]
 40006 | Spider:5 | Blown up by an orb spider

Action                   |  1- 3 |  4- 6 |  7- 9 | 10-12 | 13-15 | 16-18 || total
-------------------------+-------+-------+-------+-------+-------+-------++-------
Melee: Unarmed           |   102 |   184 |   499 |   885 |  1585 |  1383 ||  4638
       Hunting sling     |       |       |       |       |       |     1 ||     1
 Fire: Longbow           |       |       |       |    20 |   667 |     5 ||   692
       Hunting sling     |       |       |       |       |       |   686 ||   686
Invok: Burn Spellbooks   |       |       |     1 |     1 |     3 |     3 ||     8
       Trog's Hand       |       |       |       |    17 |    19 |    19 ||    55
       Berserk           |       |       |       |    11 |    10 |     9 ||    30
       Brothers in Arms  |       |       |       |       |       |     4 ||     4
Evoke: Wand              |       |       |     2 |     2 |     1 |     7 ||    12
       Phial of floods   |       |       |       |       |       |     1 ||     1
  Use: Scroll            |     3 |     3 |    14 |    11 |    15 |    20 ||    66
       Potion            |       |       |     1 |     1 |     7 |    13 ||    22
 Stab: Sleeping          |     1 |     1 |     2 |     1 |       |       ||     5
       Paralysed         |       |       |       |       |     1 |       ||     1
       Confused          |       |       |       |       |       |     3 ||     3
  Eat: Chunk             |     1 |     4 |    11 |    11 |    16 |     1 ||    44
       Pizza             |       |     1 |     1 |       |     3 |     1 ||     6
       Beef jerky        |       |       |     2 |     1 |     4 |     2 ||     9
       Meat ration       |       |       |       |     5 |     3 |     2 ||    10
       Royal jelly       |       |       |       |     1 |     2 |     1 ||     4
       Bread ration      |       |       |       |       |     4 |    11 ||    15
